 Dungeon Crawl Stone Soup version 0.24-a0-479-g9a978d2894 (webtiles) character file.

Game seed: 13506412791519943428

27 Elric the Insei (level 2, -4/21 HPs)
             Began as a Demonspawn Transmuter on July 7, 2019.
             Slain by an ogre
             ... wielding a +0 giant spiked club
              (25 damage)
             ... on level 2 of the Dungeon.
             The game lasted 00:01:13 (1126 turns).

Elric the Insei (Demonspawn Transmuter)             Turns: 1126, Time: 00:01:13

Health: -4/21      AC:  8    Str: 10    XL:     2   Next: 93%
Magic:  5/5        EV:  4    Int: 14    God:
Gold:   77         SH:  0    Dex: 13    Spells: 4/5 levels left

rFire    . . .     SeeInvis .     - Unarmed
rCold    . . .     Gourm    .   (no shield)
rNeg     . . .     Faith    .   f - +0 chain mail
rPois    .         Spirit   .   (no helmet)
rElec    .         Reflect  .   (no cloak)
rCorr    .         Harm     .   (no gloves)
MR       .....                  (no boots)
Stlth    ..........             (no amulet)
HPRegen  0.07/turn              (no ring)
MPRegen  0.09/turn              (no ring)

@: flying, hasted, very quick
A: spiny 1
a: no special abilities


You were on level 2 of the Dungeon.
You were hungry.

You visited 1 branch of the dungeon, and saw 2 of its levels.

You collected 77 gold pieces.

Inventory:

Missiles
 a - 12 arrows
Armour
 b - a +0 robe
 f - a +0 chain mail (worn)
Jewellery
 g - a cursed -2 ring of strength {unknown}
 l - a +3 amulet of reflection {unknown}
Scrolls
 c - a scroll of enchant armour {unknown}
 e - a scroll of fear {unknown}
 h - 2 scrolls of teleportation {unknown}
Potions
 k - a potion of might {unknown}
Comestibles
 d - 3 rations


   Skills:
 - Level 1.0 Fighting
 - Level 0.5 Armour
 - Level 1.7 Dodging
 + Level 3.5 Unarmed Combat
 - Level 2.1 Spellcasting
 - Level 1.7 Transmutations


You had 4 spell levels left.
You knew the following spells:

 Your Spells              Type           Power        Failure   Level  Hunger
a - Beastly Appendage     Tmut           #.....       100%        1    #......

Your spell library contained the following spells:

 Spells                   Type           Power        Failure   Level  Hunger
 Sticks to Snakes         Tmut           #.......     100%        2    ###....
 Spider Form              Tmut/Pois      #.........   100%        3    ###....
 Ice Form                 Ice/Tmut       #.......     100%        4    #####..
 Blade Hands              Tmut           #.........   100%        5    ######.


Dungeon Overview and Level Annotations

Branches:
Dungeon (2/15)

Altars:


Innate Abilities, Weirdness & Mutations

You are partially covered in sharp spines.


Message History

The dart slug is severely wounded.
The dart slug bites you but does no damage.
You hit the dart slug.
You kill the dart slug!
No target in view!
You see here a dart slug corpse.
h - 2 scrolls labeled EDOREI VEORE (gained 1)
You see here an adder skeleton.
An ogre comes into view. It is wielding a +0 giant spiked club.
The ogre shouts!
An ogre is nearby!
An ogre is nearby!
It was a potion of flight.
You feel very buoyant.
You fly up into the air.
It was a potion of haste.
You feel yourself speed up. The ogre is struck by your spines.
The ogre hits you with a +0 giant spiked club!!
Ouch! That really hurt!
You die...

.........................##
........##................#
.#.###.###....รท######.##.##
# #.........# #.##.#
.######.#...######.##.#
........................#
.##. ######.##..######.####
.... #.##.......#.# #.. ###
#.##@##### #.# .....###.##O#
#.# #.#........# ###
#...###.##.#
...##..###.##.########
.......................
...####................ .
#..##....######.. #..##.####


You could see an ogre.

Vanquished Creatures
  An adder (D:2)
  2 dart slugs (D:2)
  A leopard gecko (D:1)
  A giant cockroach (D:1)
  2 goblins (D:1)
  3 kobolds
  A bat (D:1)
  A frilled lizard (D:2)
  2 rats
14 creatures vanquished.

Notes
Turn   | Place    | Note
-------+----------+-------------------------------------------
     0 | D:1      | Elric the Demonspawn Transmuter began the quest for the
                  | Orb.
     0 | D:1      | Reached XP level 1. HP: 15/15 MP: 3/3
   249 | D:1      | Reached skill level 3 in Unarmed Combat
   249 | D:1      | Gained mutation: You are partially covered in sharp spines.
                  | [demonic ancestry]
   249 | D:1      | Reached XP level 2. HP: 18/21 MP: 5/5
  1111 | D:2      | Noticed an ogre
  1126 | D:2      | Slain by an ogre

Levels and vault maps discovered:
D:1:      dpeg_arrival_court, layout_rooms, chequers_serial_rivers_large_b
D:2:      layout_basic, overflow_temple_1_default, first_ration,
          uniq_crazy_yiuf_cottage

Skill      XL: |  1 |
---------------+----+-----
Unarmed Combat | 3 |  3.5
Fighting       | |  1.0
Armour         | |  0.5
Dodging        | |  1.7
Spellcasting   | |  2.1
Transmutations | |  1.7

Action                   || total
-------------------------++-------
Melee: Unarmed           ||    62
       Headbutt          ||     2
 Cast: Beastly Appendage ||     1
  Use: Potion            ||     2
Armor: Chain mail        ||    42
       Robe              ||     1
Dodge: Dodged            ||    11

Table legend:
 A = Non-vault XP
 B = Vault XP
 C = Vault XP percentage of total XP
 D = Non-vault monster count
 E = Vault monster count
 F = Vault count percentage of total count
                 A         B        C        D         E       F
            +---------+---------+-------+---------+---------+-------
      Total |      39 |       0 |   0.0 |      14 |       0 |   0.0
            +---------+---------+-------+---------+---------+-------
        D:1 |      13 |       0 |   0.0 |       7 |       0 |   0.0
        D:2 |      26 |       0 |   0.0 |       7 |       0 |   0.0
            +---------+---------+-------+---------+---------+-------
